 Dungeon Crawl Stone Soup version 0.23.2 (webtiles) character file.

Game seed: 13171432883358158809

806 Borgoz the Cutter (level 7, -1/43 HPs)
             Began as a Gargoyle Gladiator on Apr 9, 2019.
             Splashed by a jelly's acid (7 damage)
             ... on level 5 of the Dungeon.
             The game lasted 00:11:37 (3483 turns).

Borgoz the Cutter (Gargoyle Gladiator)              Turns: 3483, Time: 00:11:38

Health: -1/43      AC: 16    Str: 18    XL:     7   Next: 91%
Magic:  7/7        EV:  7    Int:  8    God:
Gold:   181        SH:  0    Dex: 13    Spells: 6/6 levels left

rFire    + . .     SeeInvis .   v - +1 dagger (venom)
rCold    . . .     Gourm    .   (no shield)
rNeg     + . .     Faith    .   o - +0 plate armour (curse)
rPois    ∞         Spirit   .   j - +1 hat
rElec    +         Reflect  .   (no cloak)
rCorr    .         Harm     .   (no gloves)
MR       .....                  t - +0 pair of boots
Stlth    ..........             (no amulet)
HPRegen  0.14/turn              b - ring of protection from fire
MPRegen  0.10/turn              (no ring)

@: corroded
A: molten scales 1, negative energy resistance 1, screaming 1, electricity
resistance, unbreathing, petrification resistance, rot immunity, AC +4
a: no special abilities


You were on level 5 of the Dungeon.
You were very hungry.

You visited 1 branch of the dungeon, and saw 5 of its levels.
You also visited: Sewer.

You collected 181 gold pieces.

Inventory:

Hand Weapons
 a - a +1 rapier
 v - a +1 dagger of venom (weapon)
Missiles
 d - a throwing net (quivered)
Armour
 j - a +1 hat (worn)
 o - a cursed +0 plate armour (worn)
 t - a +0 pair of boots (worn)
Jewellery
 b - a ring of protection from fire (left hand)
 x - an uncursed ring of positive energy {unknown}
 y - a cursed ring of teleportation {unknown}
Wands
 e - a wand of enslavement (7)
 z - a wand of flame (14)
Scrolls
 h - 2 scrolls of enchant armour {unknown}
 k - a scroll of teleportation {unknown}
 p - 2 scrolls of magic mapping
 q - 4 scrolls of fog {unknown}
 s - a scroll of blinking {unknown}
 u - a scroll of amnesia {unknown}
 w - a scroll of enchant weapon
Potions
 c - 2 potions of brilliance
 g - 2 potions of curing
 i - a potion of lignification
 l - a potion of haste {unknown}
 m - 4 potions of magic
 n - 2 potions of heal wounds {unknown}
 r - a potion of might
 A - a potion of degeneration {unknown}
Comestibles
 f - 4 rations


   Skills:
 + Level 4.1 Fighting
 * Level 4.9 Short Blades
 - Level 1.7 Throwing
 + Level 3.2 Armour
 * Level 4.4 Dodging
 + Level 3.6 Stealth


You had 6 spell levels left.
You didn't know any spells.
Your spell library was empty.

Dungeon Overview and Level Annotations

Branches:
Dungeon (5/15)
 Temple: D:4-7

Altars:
Hepliaklqana
Vehumet
The Shining One


Innate Abilities, Weirdness & Mutations

You are resistant to torment.
Your stone body is resilient. (AC +4)
You are immune to poison.
You resist negative energy. (rN+)
You are resistant to electric shocks. (rElec)
You can survive without breathing.
You are immune to petrification.
You are immune to rotting.
You are partially covered in molten scales. (AC +2)
You occasionally shout uncontrollably at your foes.


Message History

You are too injured to fight recklessly!
You hit the jelly.
Your hands burn!
The jelly is moderately wounded.
The jelly hits you but does no damage.
You hit the jelly.
Your hands burn!
The jelly is moderately wounded.
You hit the jelly.
Your hands burn!
* * * LOW HITPOINT WARNING * * *
The jelly is heavily wounded.
The jelly hits you but does no damage.
Okay, then.
Throwing (i - inventory)
d - 2 throwing nets (quivered)
Press: ? - help, Shift-Dir - straight line, f - jelly
Aim: a jelly (heavily wounded)
You throw a throwing net.
The throwing net barely misses the jelly.
The jelly hits you.
* * * LOW HITPOINT WARNING * * *
The acid corrodes you!
You are splashed with acid!
You die...

#.........#
#.........#
#.........### .
#...........#..
#.........#...#.
#...........#...
#.....!...#...8.
#...........#
##......@)#...#
##.....#J# ..
####<##.# #.# .#
#.# .# #.# .#
#.. .. #.. ..
#..


You could see a jelly.

Vanquished Creatures
  An ogre (D:4)
  A centaur (D:5)
  2 bullfrogs (Sewer)
  A scorpion (D:4)
  A crimson imp (D:3)
  A centaur zombie (D:5)
  A bullfrog skeleton (D:4)
  An orc wizard (D:4)
  2 worker ants (D:4)
  3 gnolls (D:5)
  10 adders
  6 river rats (Sewer)
  8 oozes (D:1)
  An adder zombie (D:5)
  2 worms (D:3)
  2 leopard geckos (D:3)
  3 orcs (D:4)
  5 bats
  5 giant cockroaches
  5 goblins
  2 hobgoblins
  5 jackals
  2 kobolds
  3 quokkas
  10 ball pythons
  5 frilled lizards
  A jackal zombie (D:4)
  26 rats
115 creatures vanquished.

Notes
Turn   | Place    | Note
-------+----------+-------------------------------------------
     0 | D:1      | Borgoz the Gargoyle Gladiator began the quest for the Orb.
     0 | D:1      | Reached XP level 1. HP: 12/12 MP: 1/1
     1 | D:1      | Found a runed translucent door.
   472 | D:1      | Reached XP level 2. HP: 18/18 MP: 2/2
   751 | D:2      | Reached skill level 1 in Stealth
   931 | D:2      | You fall through a shaft!
   941 | D:3      | Reached XP level 3. HP: 22/22 MP: 3/3
  1186 | D:3      | Found a glowing drain.
  1190 | Sewer    | Entered a sewer
  1213 | Sewer    | Reached skill level 1 in Armour
  1219 | Sewer    | Reached XP level 4. HP: 19/27 MP: 4/4
  1401 | Sewer    | Reached XP level 5. HP: 6/32 MP: 5/5
  1403 | Sewer    | Gained mutation: You occasionally shout uncontrollably at
                  | your foes. [potion of mutation]
  1403 | Sewer    | Gained mutation: You are partially covered in molten
                  | scales. (AC +2) [potion of mutation]
  1761 | Sewer    | Reached XP level 6. HP: 37/37 MP: 6/6
  2159 | D:3      | Found a hazy altar of Hepliaklqana.
  2345 | D:2      | Found a glowing golden altar of the Shining One.
  2669 | D:4      | Reached XP level 7. HP: 27/41 MP: 7/7
  3096 | D:4      | Found a radiant altar of Vehumet.
  3412 | D:5      | Entered Level 5 of the Dungeon
  3483 | D:5      | Splashed by a jelly's acid

Skill      XL: |  1  2  3  4  5  6  7 |
---------------+----------------------+-----
Short Blades   | 3 4 |  4.9
Stealth        | 1 2 3 |  3.6
Armour         | 1 2 3 |  3.2
Dodging        | 3 4 |  4.4
Fighting       | 3 4 |  4.1
Throwing       | |  1.7

Action                   |  1- 3 |  4- 6 |  7- 9 || total
-------------------------+-------+-------+-------++-------
Melee: Rapier            |   112 |   171 |       ||   283
       Dagger            |       |   104 |   113 ||   217
Throw: Throwing net      |       |       |     2 ||     2
  Use: Scroll            |     3 |     2 |       ||     5
       Potion            |       |     6 |       ||     6
  Eat: Chunk             |     1 |     5 |     2 ||     8
Armor: Leather armour    |    18 |       |       ||    18
       Plate armour      |    88 |   255 |    81 ||   424
Dodge: Dodged            |    49 |   117 |    40 ||   206
